 Dungeon Crawl Stone Soup version 0.30.0 (webtiles) character file.

Game seed: 7032282361008867675

12169 Jackthecabe the Covert (level 11, -49/62 HPs)
             Began as a Vine Stalker Delver on May 6, 2023.
             Was an Elder of Uskayaw.
             Annihilated by a two-headed ogre
             ... wielding a +0 giant club
              (50 damage)
             ... on level 11 of the Dungeon.
             The game lasted 00:30:00 (10464 turns).

Jackthecabe the Covert (Vine Stalker Delver)       Turns: 10464, Time: 00:30:00

Health: -49/62     AC:  9    Str: 14    XL:     11   Next: 89%
Magic:  0/18       EV: 13    Int: 16    God:    Uskayaw [****..]
Gold:   724        SH:  0    Dex: 35    Spells: 7/10 levels left

rFire   x . .        w - +6 dagger of Vial Beir {venom, rPois rC- Int+4 Dex-2}
rCold   x . .        x - orb of Varusill {mayhem, rElec Int+2}
rNeg    + . .        U - +0 leather armour
rPois   +            J - +1 helmet of Repyulan {rF- rN+ Dex+4 SInv}
rElec   +            L - +0 cloak
rCorr   .            s - +0 pair of gloves
SInv    +            H - +1 pair of boots {Fly}
Will    +....        X - amulet of the acrobat
Stlth   +++++        d - +6 ring of dexterity
HPRegen 1.10/turn    D - +6 ring of dexterity
MPRegen 0.16/turn

%: mayhem, acrobat, guardian spirit
@: flying
A: fangs 3, regeneration 1, magic shield, antimagic bite, no potion heal 2
a: Renounce Religion, Stomp, Line Pass


You were on level 11 of the Dungeon.
You worshipped Uskayaw.
Uskayaw was aware of your devotion.
You visited 2 branches of the dungeon, and saw 12 of its levels.
You also visited: Ossuary and Bailey.

You collected 856 gold pieces.
You spent 132 gold pieces at shops.


Innate Abilities, Weirdness & Mutations

You have razor-sharp teeth.
Your natural rate of healing is unusually fast.
When hurt, damage is shared between your health and your magic reserves.
Your bite disrupts and absorbs the magic of your enemies.
Potions cannot restore your health.


   Skills:
 + Level 9.5 Fighting
 - Level 8.0 Short Blades
 - Level 1.5 Dodging
 - Level 10.0 Stealth
 + Level 1.1 Shields
 - Level 5.0 Transmutations
 - Level 5.0 Fire Magic
 - Level 5.0 Poison Magic
 - Level 8.0 Invocations


You had 7 spell levels left.
You knew the following spells:

 Your Spells              Type           Power      Damage    Failure   Level
X - Ignite Poison         Fire/Tmut/Pois 16%        N/A       12%         3

Your spell library contained the following spells:

 Spells                   Type           Power      Damage    Failure   Level
 Necrotise                Necr           0%         1d4       32%         1
 Volatile Blastmotes      Fire/Tloc      16%        2d11      34%         3
 Dazzling Flash           Conj/Hex       0%         N/A       67%         3
 Tukima's Dance           Hex            0%         N/A       67%         3
 Vampiric Draining        Necr           0%         2d6       67%         3
 Sticky Flame             Conj/Fire      8%         2d3       75%         4
 Animate Dead             Necr           0%         N/A       97%         4
 Iskenderun's Mystic Bla  Conj/Tloc      0%         2d3       97%         4
 Passage of Golubria      Tloc           0%         N/A       97%         4
 Yara's Violent Unravell  Hex/Tmut       4%         3d4       97%         5
 Agony                    Necr           0%         N/A       100%        5
 Borgnjor's Vile Clutch   Necr/Erth      0%         N/A       100%        5
 Death Channel            Necr           0%         N/A       100%        6
 Starburst                Conj/Fire      4%         6d3       100%        6
 Ignition                 Fire           8%         3d5       100%        8

Inventory:

Hand Weapons
 a - a +2 dagger of venom
 b - a +4 short sword
 i - a +6 scimitar
 w - the +6 dagger of Vial Beir (weapon) {venom, rPois rC- Int+4 Dex-2}
   (You found it on level 10 of the Dungeon)

   Int:       It affects your intelligence (+4).
   Dex:       It affects your dexterity (-2).
   rC:        It makes you vulnerable to cold.
   rPois:     It protects you from poison.
Armour
 s - a +0 pair of gloves (worn)
 x - the orb of Varusill (worn) {mayhem, rElec Int+2}
   (You found it on level 4 of the Dungeon)

   Int:       It affects your intelligence (+2).
   rElec:     It insulates you from electricity.
 H - a +1 pair of boots of flying (worn)
 J - the +1 helmet of Repyulan (worn) {rF- rN+ Dex+4 SInv}
   (You found it in a bailey)

   Dex:       It affects your dexterity (+4).
   rF:        It makes you vulnerable to fire.
   rN:        It protects you from negative energy.
   SInv:      It lets you see invisible.
 L - a +0 cloak (worn)
 U - a +0 leather armour (worn)
 Y - a +0 buckler
Jewellery
 d - a +6 ring of dexterity (left hand)
 D - a +6 ring of dexterity (right hand)
 P - a ring of poison resistance
 R - an amulet of reflection
 W - a ring of willpower
 X - an amulet of the acrobat (around neck)
Wands
 g - a wand of digging (3)
 v - a wand of polymorph (3)
 z - a wand of paralysis (18)
 B - a wand of acid (25)
Scrolls
 c - 7 scrolls of fog
 e - 6 scrolls of fear
 f - 2 scrolls of acquirement {unknown}
 k - 2 scrolls of poison {unknown}
 l - a scroll of enchant weapon {unknown}
 o - 8 scrolls of teleportation {@r2}
 p - 2 scrolls of amnesia
 q - 2 scrolls of magic mapping
 u - 8 scrolls of identify {@r1}
 y - 4 scrolls of vulnerability {unknown}
 E - a scroll of butterflies {unknown}
 K - a scroll of enchant armour {unknown}
 N - 3 scrolls of immolation {unknown}
 V - 2 scrolls of blinking {unknown}
 Z - a scroll of brand weapon {unknown}
Potions
 h - a potion of invisibility
 j - 2 potions of cancellation
 m - 12 potions of curing {@q1}
 n - 3 potions of haste {@q3}
 r - 2 potions of brilliance {unknown}
 t - a potion of magic {unknown}
 A - 4 potions of might
 C - 7 potions of flight
 G - 2 potions of mutation {unknown}
 M - a potion of heal wounds {unknown}
 O - a potion of attraction {unknown}
 Q - 2 potions of degeneration {unknown}
 T - 2 potions of lignification
Miscellaneous
 I - a box of beasts

Dungeon Overview and Level Annotations

Branches:
Dungeon (11/15)            Temple (1/1) D:5            Lair (0/5) D:11
    Orc (0/2) D:9         Ossuary (visited)          Bailey (visited)

Altars:
Ashenzari
Cheibriados
Dithmenos
Elyvilon
Fedhas
Gozag
Hepliaklqana
Kikubaaqudgha
Makhleb
Nemelex Xobeh
Okawaru
Qazlal
Ru
Sif Muna
Trog
Uskayaw
Vehumet
Wu Jian
Xom
Yredelemnul
Zin
The Shining One

Shops:
D:1 *   D:5 *?=

Annotations:
D:4 3 runed translucent doors, nroviw's ghost, amateur MfGl
D:6 3 runed translucent doors, Abcedarian's ghost, novice DrRe
D:8 Maggie
D:11 exclusion: 2 oklob plants

#### ########## .....
###........#
......####.'........#####
......†O@..#........'....
......######.......>#####
..... #........# (...
#........# ... #####'####
.. #.### # #...# ###.#
#.# #


You could see a neutral two-headed ogre (fast, strong, insane, extremely
poisoned, pain bonded).


Message History

You miss the vampire mosquito. You bite the vampire mosquito.
You drain its power.
The vampire mosquito is heavily damaged.
The vampire mosquito bites you!
The vampire mosquito draws strength from your injuries!
Uskayaw will force your foes to share their pain.
Uskayaw links your audience in an emotional bond!
You barely miss the vampire mosquito.
The vampire mosquito is moderately damaged.
The vampire mosquito completely misses you.
Unknown command.
You puncture the vampire mosquito! You bite the vampire mosquito!
You destroy the vampire mosquito!
The two-headed ogre flies into a frenzy!
Your Shields skill increases to level 1!
You hit the two-headed ogre.
The two-headed ogre is poisoned.
You bite the two-headed ogre, but do no damage.
The two-headed ogre is moderately wounded.
The two-headed ogre hits you with a +0 giant club!
The two-headed ogre hits you with a +0 giant spiked club!!
* * * LOW HITPOINT WARNING * * *
Unknown command.
You puncture the two-headed ogre!
The two-headed ogre looks as sick as possible!
The two-headed ogre is heavily wounded.
The two-headed ogre hits you with a +0 giant club!!
* * * LOW HITPOINT WARNING * * *
The two-headed ogre hits you with a +0 giant spiked club!!!
Ouch! That really hurt!
You die...

Skill      XL: |  1  2  3  4  5  6  7  8  9 10 11 |
---------------+----------------------------------+-----
Fighting       | 3 4 5 9 |  9.5
Short Blades   | 2 3 4 5 6 8 |  8.0
Stealth        | 7 10 | 10.0
Transmutations | 2 4 5 |  5.0
Poison Magic   | 2 4 5 |  5.0
Fire Magic     | 2 4 5 |  5.0
Invocations    | 7 8 |  8.0
Shields        | 1 |  1.1
Dodging        | |  1.5

Action                     |  1- 3 |  4- 6 |  7- 9 | 10-12 || total
---------------------------+-------+-------+-------+-------++-------
  Melee: Short sword       |    47 |   155 |       |    14 ||   216
         Bite              |    11 |    49 |    68 |   170 ||   298
         Punch             |     1 |     4 |       |       ||     5
         Dagger            |       |    28 |   155 |   356 ||   539
   Cast: Ignite Poison     |       |       |       |     5 ||     5
 Invoke: Line Pass         |       |       |       |     1 ||     1
  Evoke: Wand              |       |       |     4 |       ||     4
    Use: Potion            |     3 |       |       |       ||     3
         Scroll            |     1 |     3 |     3 |       ||     7
   Stab: Sleeping          |     3 |    16 |    16 |    11 ||    46
         Invisible         |     1 |       |       |       ||     1
         Paralysed         |       |     1 |     3 |    19 ||    23
         Distracted        |       |       |     6 |     1 ||     7
         Confused          |       |       |       |     1 ||     1
 Armour: Leather armour    |     4 |    26 |    26 |    56 ||   112
  Dodge: Dodged            |    20 |    78 |    70 |   160 ||   328

Levels and vault maps discovered:
D:1:      minmay_arrival_diagonal_passages, layout_basic, serial_shops,
          nicolae_shop_hallway_plus
D:2:      layout_loops_ring, basic_ecumenical_altar, minmay_misc_feat_doors,
          uniq_sigmund, uniq_robin
D:3:      layout_basic, mainiacjoe_overflow_cross_hatched, uniq_ijyb
D:4:      layout_cave_pools, biasface_ghost_orc_armoury, minmay_mini_ossuary
D:5:      layout_loops_ring, temple_fountains, serial_shops,
          nicolae_shop_pleasant_corner_grove, nicolae_shop_rolled_up, shop,
          kennysheep_generic_room_11
D:6:      layout_loops_corners, gammafunk_ghost_icy, grunt_decor_mini_mirrors,
          kennysheep_another_room, minivault_1
D:7:      layout_cave_pools, enter_bailey_5, hangedman_decor_push
D:8:      layout_layer_cave, nicolae_ossuary_entry_giza,
          kennysheep_generic_room_9, uniq_maurice, uniq_maggie, uniq_amaemon
D:9:      layout_basic, minitemple, orc_0_dummy
D:10:     dragon1_lemuel, layout_rooms, serial_bayou_lagoon_b
D:11:     layout_roguey, dpeg_oklobed_lair
Temple:   eino_temple_lava

Notes
Turn   | Place    | Note
-------+----------+-------------------------------------------
     0 | D:5      | Jackthecabe the Vine Stalker Delver began the quest for the
                  | Orb.
     0 | D:5      | Reached XP level 1. HP: 11/11 MP: 2/2
     4 | D:5      | Found a staircase to the Ecumenical Temple.
     7 | D:5      | Noticed an iguana
     7 | D:5      | Noticed a jelly
    37 | D:5      | Reached skill level 3 in Fighting
    37 | D:5      | Reached skill level 2 in Short Blades
    37 | D:5      | Reached XP level 2. HP: 12/16 MP: 3/3
   101 | Temple   | Entered the Ecumenical Temple
   144 | Temple   | Became a worshipper of Uskayaw the Reveller
   171 | D:5      | Reached * piety under Uskayaw
   173 | D:5      | Reached XP level 3. HP: 14/20 MP: 4/4
   175 | D:5      | Reached ** piety under Uskayaw
   338 | D:5      | Noticed a scorpion
   415 | D:5      | Found Dypionwo's Jewellery Shoppe.
   478 | D:5      | Found Zoawo's Magic Scroll Boutique.
   482 | D:5      | Bought a scroll of identify for 24 gold pieces
   580 | D:3      | HP: 3/30 [poisoned by an adder]
   583 | D:3      | HP: 1/30 [poisoned by an adder]
   712 | D:3      | Noticed Ijyb
   821 | D:3      | Found a burning altar of Makhleb.
   892 | D:2      | Gained mutation: Your natural rate of healing is unusually
                  | fast. [Vine Stalker growth]
   892 | D:2      | Reached XP level 4. HP: 21/25 MP: 5/5
   899 | D:2      | Reached skill level 3 in Short Blades
   913 | D:2      | Noticed Robin
   922 | D:2      | Killed Robin
  1009 | D:2      | Reached *** piety under Uskayaw
  1010 | D:2      | Reached skill level 4 in Fighting
  1010 | D:2      | Reached XP level 5. HP: 18/29 MP: 6/6
  1182 | D:1      | Found Comyrgh's Assorted Antiques.
  2007 | D:2      | Noticed Sigmund
  2028 | D:2      | Killed Sigmund
  2029 | D:2      | Reached skill level 4 in Short Blades
  2029 | D:2      | Reached XP level 6. HP: 33/33 MP: 7/7
  2185 | D:2      | Found a faded altar of an unknown god.
  2499 | D:3      | Reached skill level 7 in Stealth
  2554 | D:3      | Killed Ijyb
  2933 | D:3      | Learned a level 3 spell: Ignite Poison
  3010 | D:4      | Identified the orb of Varusill {mayhem, rElec Int+2}
  3213 | D:4      | Found a runed translucent gate.
  3213 | D:4      | Found a runed translucent gate.
  3215 | D:4      | Found a runed translucent gate.
  3215 | D:4      | Identified the +2 chain mail of Decompression {+Inv rC-
                  | Dex+4}
  3215 | D:4      | Noticed an orc warrior
  3216 | D:4      | Noticed nroviw's ghost (amateur MfGl)
  3485 | D:5      | Reached XP level 7. HP: 27/37 MP: 5/8
  3528 | D:5      | Found Ufoimecs's Assorted Antiques.
  3550 | D:5      | Reached skill level 1 in Transmutations
  3550 | D:5      | Reached skill level 1 in Poison Magic
  3576 | D:5      | Reached skill level 5 in Short Blades
  3576 | D:5      | Reached skill level 1 in Fire Magic
  3646 | D:5      | Reached skill level 2 in Transmutations
  3646 | D:5      | Reached skill level 2 in Fire Magic
  3646 | D:5      | Reached skill level 2 in Poison Magic
  3888 | D:5      | Bought a scroll of fog for 48 gold pieces
  3888 | D:5      | Bought a scroll of identify for 24 gold pieces
  3888 | D:5      | Bought a scroll of identify for 24 gold pieces
  3888 | D:5      | Bought a scroll of noise for 12 gold pieces
  3949 | D:6      | Gained mutation: You have razor-sharp teeth. [Vine Stalker
                  | growth]
  3949 | D:6      | Reached XP level 8. HP: 31/42 MP: 7/9
  3996 | D:6      | Found a runed translucent gate.
  3996 | D:6      | Found a runed translucent gate.
  3996 | D:6      | Found a runed translucent gate.
  4016 | D:6      | Reached skill level 8 in Stealth
  4544 | D:6      | Noticed Abcedarian's ghost (novice DrRe)
  4612 | D:6      | Reached skill level 3 in Transmutations
  4612 | D:6      | Reached skill level 3 in Fire Magic
  4906 | D:6      | Reached skill level 3 in Poison Magic
  5085 | D:7      | Found a flagged portal.
  5104 | Bailey   | Entered a bailey
  5112 | Bailey   | Noticed an orc knight
  5248 | Bailey   | Reached skill level 6 in Short Blades
  5266 | Bailey   | Killed an orc knight
  5267 | Bailey   | Reached skill level 10 in Stealth
  5267 | Bailey   | Reached skill level 4 in Transmutations
  5267 | Bailey   | Reached skill level 4 in Fire Magic
  5267 | Bailey   | Reached skill level 4 in Poison Magic
  5267 | Bailey   | Reached XP level 9. HP: 12/45 MP: 2/10
  5559 | Bailey   | Identified the +1 helmet of Repyulan {rF- rN+ Dex+4 SInv}
  6038 | D:8      | Noticed Maurice
  6044 | D:8      | Killed Maurice
  6177 | D:8      | Noticed Amaemon
  6177 | D:8      | Noticed an orange demon
  6288 | D:8      | Found a sand-covered staircase.
  6294 | Ossuary  | Entered an ossuary
  6372 | Ossuary  | Reached **** piety under Uskayaw
  6380 | Ossuary  | Reached ***** piety under Uskayaw
  6381 | Ossuary  | Reached skill level 5 in Fighting
  6401 | Ossuary  | Reached skill level 5 in Transmutations
  6401 | Ossuary  | Reached skill level 5 in Fire Magic
  6401 | Ossuary  | Reached skill level 5 in Poison Magic
  6401 | Ossuary  | Reached XP level 10. HP: 51/51 MP: 11/11
  6424 | Ossuary  | Reached skill level 7 in Short Blades
  7154 | D:8      | Reached skill level 8 in Short Blades
  7161 | D:8      | Reached skill level 1 in Invocations
  7217 | D:8      | Noticed Maggie
  7646 | D:8      | Reached skill level 2 in Invocations
  7674 | D:8      | Killed an orange demon
  7675 | D:8      | Reached skill level 3 in Invocations
  7791 | D:8      | Killed Amaemon
  7792 | D:8      | Reached skill level 4 in Invocations
  7963 | D:8      | Reached skill level 5 in Invocations
  8203 | D:9      | Found a glowing silver altar of Zin.
  8207 | D:9      | Found a snail-covered altar of Cheibriados.
  8211 | D:9      | Found a blossoming altar of Fedhas.
  8211 | D:9      | Found a basalt altar of Yredelemnul.
  8212 | D:9      | Found a stormy altar of Qazlal.
  8221 | D:9      | Found a bloodstained altar of Trog.
  8227 | D:9      | Found a sacrificial altar of Ru.
  8390 | D:9      | Reached skill level 6 in Invocations
  8427 | D:9      | Found a staircase to the Orcish Mines.
  8592 | D:9      | Reached skill level 7 in Invocations
  8602 | D:9      | Reached XP level 11. HP: 38/55 MP: 9/17
  8687 | D:9      | Reached skill level 8 in Invocations
  8916 | D:10     | Entered Level 10 of the Dungeon
  8961 | D:10     | Reached skill level 6 in Fighting
  9162 | D:10     | Reached skill level 7 in Fighting
  9581 | D:10     | Noticed a fire dragon
  9607 | D:10     | Killed a fire dragon
  9608 | D:10     | Reached skill level 8 in Fighting
  9687 | D:10     | Identified the +3 broad axe "Goblinbane" {heavy, Dex+4}
  9691 | D:10     | Identified the +6 dagger of Vial Beir {venom, rPois rC-
                  | Int+4 Dex-2}
  9878 | D:11     | Noticed a cyclops
  9987 | D:11     | Killed a cyclops
 10198 | D:11     | Reached skill level 9 in Fighting
 10204 | D:11     | Found a staircase to the Lair.
 10206 | D:11     | Noticed an oklob plant
 10206 | D:11     | Noticed an oklob plant
 10442 | D:11     | Noticed a two-headed ogre
 10462 | D:11     | Reached skill level 1 in Shields
 10464 | D:11     | HP: 1/62 [two-headed ogre/+0 giant club (22)]
 10464 | D:11     | Annihilated by a two-headed ogre

Vanquished Creatures
  A fire dragon (D:10)
  Amaemon (D:8)
  An orc knight (Bailey)
  A cyclops (D:11)
  Maurice (D:8)
  An orange demon (D:8)
  A gargoyle (D:11)
  A komodo dragon (D:11)
  2 unseen horrors (D:11)
  Sigmund (D:2)
  A shadow (D:10)
  2 wyverns
  3 wraiths
  16 yaks
  8 vampire mosquitoes
  2 acid dragons
  2 water moccasins
  2 orc warriors (D:10)
  A sky beast (D:8)
  An ice beast (D:7)
  A hornet zombie (Ossuary)
  An ogre (D:5)
  A centaur (D:11)
  A kobold brigand (D:8)
  3 bullfrogs
  2 water moccasin zombies (Ossuary)
  6 scorpions
  3 wyvern zombies (Ossuary)
  4 wights (D:8)
  2 howler monkeys
  6 electric eels (D:10)
  2 centaur zombies (Ossuary)
  4 bullfrog zombies (Ossuary)
  A hound (D:5)
  2 orc priests
  2 jellies (D:5)
  5 sleepcaps (D:6)
  Ijyb (D:3)
  2 iguanas
  11 orc wizards
  3 killer bee zombies (Ossuary)
  A howler monkey zombie (Ossuary)
  12 mummies
  Robin (D:2)
  2 gnolls (Bailey)
  3 adders
  A shadow imp (D:5)
  A worm (D:3)
  A dart slug (D:5)
  21 orcs
  5 ball pythons
  4 bats
  10 endoplasms
  3 giant cockroaches (D:3)
  17 goblins
  9 hobgoblins
  5 jackals
  14 kobolds
  A quokka (D:3)
  6 frilled lizards
  A hobgoblin zombie (D:4)
  A kobold zombie (D:8)
  4 orc zombies
  7 rats
242 creatures vanquished.

Vanquished Creatures (collateral kills)
  A yak (D:9)
  2 orc warriors (Bailey)
  A centaur zombie (Ossuary)
  6 mummies (Ossuary)
  A howler monkey zombie (Ossuary)
  A gnoll (Bailey)
  2 orcs
  A goblin (Bailey)
  A hobgoblin (Bailey)
  7 kobolds
23 creatures vanquished.

Vanquished Creatures (others)
  An orc warrior (Bailey)
  3 orcs
  A hobgoblin (Bailey)
  A kobold (Bailey)
  13 plants (D:10)
  5 withered plants (Ossuary)
24 creatures vanquished.

Grand Total: 289 creatures vanquished

Table legend: (Time is in decaauts)
 A = Elapsed time spent in this place.
 B = Non-inter-level travel time spent in this place.
 C = Inter-level travel time spent in this place.
 D = Time resting spent in this place.
 E = Time spent auto-exploring this place.
 F = Levels seen in this place.
 G = Mean time per level.
                   A        B        C        D        E       F      G
               +--------+--------+--------+--------+--------+-----+--------+
         Total |  10204 |   9792 |    412 |    789 |   6002 |  14 |  728.9 |
       Dungeon |   9225 |   8813 |    412 |    594 |   5659 |  11 |  838.6 |
        Temple |     57 |     57 |      0 |      0 |     31 |   1 |   57.0 |
       Ossuary |    368 |    368 |      0 |      2 |    175 |   1 |  368.0 |
        Bailey |    553 |    553 |      0 |    193 |    136 |   1 |  553.0 |
               +--------+--------+--------+--------+--------+-----+--------+

Top non-repeatable levels by time:
     D:8: 1752 daAuts
     D:6: 1011 daAuts
     D:5: 900 daAuts
    D:10: 861 daAuts
     D:3: 842 daAuts
     D:2: 797 daAuts
     D:9: 720 daAuts
     D:1: 718 daAuts
    D:11: 616 daAuts
  Bailey: 553 daAuts
     D:4: 542 daAuts
     D:7: 462 daAuts
 Ossuary: 368 daAuts
  Temple: 57 daAuts

Table legend:
 A = Non-vault XP
 B = Vault XP
 C = Vault XP percentage of total XP
 D = Non-vault monster count
 E = Vault monster count
 F = Vault count percentage of total count
                 A         B        C        D         E       F
            +---------+---------+-------+---------+---------+-------
      Total |   12086 |    5299 |  30.5 |     179 |      86 |  32.5
            +---------+---------+-------+---------+---------+-------
        D:1 |      37 |       0 |   0.0 |      24 |       0 |   0.0
        D:2 |      74 |     250 |  77.2 |      18 |      12 |  40.0
        D:3 |      61 |      36 |  37.1 |      18 |       1 |   5.3
        D:4 |      69 |      22 |  24.2 |       8 |       5 |  38.5
        D:5 |     530 |      80 |  13.1 |      15 |       1 |   6.2
        D:6 |     621 |       0 |   0.0 |      13 |       0 |   0.0
        D:7 |     539 |       8 |   1.5 |       5 |       4 |  44.4
        D:8 |    1023 |    1675 |  62.1 |      12 |       6 |  33.3
        D:9 |    3179 |       0 |   0.0 |      23 |       0 |   0.0
       D:10 |    2995 |     894 |  23.0 |      32 |       1 |   3.0
       D:11 |    2958 |       0 |   0.0 |      11 |       0 |   0.0
    Ossuary |       0 |    1370 | 100.0 |       0 |      34 | 100.0
     Bailey |       0 |     964 | 100.0 |       0 |      22 | 100.0
            +---------+---------+-------+---------+---------+-------
